 Dungeon Crawl Stone Soup version 0.31-a0-210-gccc998df9b (webtiles) character file.

Game seed: 512644540243396495

67 Dittersdorf the Covered (level 4, 0/29 HPs)
             Began as a Gargoyle Fighter on June 29, 2023.
             Slain by an orc
             ... wielding a +0 dagger
              (1 damage)
             ... on level 3 of the Dungeon.
             The game lasted 00:02:07 (1675 turns).

Dittersdorf the Covered (Gargoyle Fighter)          Turns: 1675, Time: 00:02:08

Health: 0/29       AC: 11    Str: 22    XL:     4   Next: 16%
Magic:  4/4        EV:  9    Int:  8    God:
Gold:   55         SH:  4    Dex:  9    Spells: 3/3 levels left

rFire   . . .        a - +1 flail
rCold   . . .        c - +0 buckler
rNeg    + . .        b - +0 scale mail
rPois   ∞            (no helmet)
rElec   +            (no cloak)
rCorr   .            e - +0 pair of gloves
SInv    .            (no boots)
Will    .....        (no amulet) Stlth
                     (no ring)
HPRegen 0.24/turn    (no ring)
MPRegen 0.09/turn

%: no passive effects
@: no status effects
A: sickness immunity, AC +3, negative energy resistance 1, electricity
resistance, torment resistance 1, petrification resistance
a: no special abilities


You were on level 3 of the Dungeon.
You visited 1 branch of the dungeon, and saw 3 of its levels.

You collected 55 gold pieces.

Inventory:

Hand Weapons
 a - a +1 flail (weapon)
Armour
 b - a +0 scale mail (worn)
 c - a +0 buckler (worn)
 e - a +0 pair of gloves (worn)
Jewellery
 h - a ring of ice
Scrolls
 k - 2 scrolls of butterflies
 m - 2 scrolls of blinking
Potions
 d - a potion of might


   Skills:
 + Level 3.9 Fighting
 + Level 2.6 Maces & Flails
 + Level 4.0 Armour
 + Level 3.8 Shields


You had 3 spell levels left.
You didn't know any spells.
Your spell library contained the following spells:

 Spells                   Type           Power      Damage    Failure   Level
 Call Canine Familiar     Summ           0%         N/A       99%         3
 Portal Projectile        Hex/Tloc       0%         N/A       99%         3
 Animate Armour           Summ/Erth      0%         N/A       100%        4
 Leda's Liquefaction      Hex/Erth       0%         N/A       100%        4
 Summon Lightning Spire   Summ/Air       0%         N/A       100%        4
 Blade Hands              Tmut           0%         N/A       100%        5


Dungeon Overview and Level Annotations

Branches:
Dungeon (3/15)

Altars:


Innate Abilities, Weirdness & Mutations

You are immune to sickness and miasma.
Your stone body is resilient. (AC +3)
You are immune to poison.
You resist negative energy. (rN+)
You are resistant to electric shocks. (rElec)
You are resistant to unholy torment.
You are immune to petrification.


Message History

You barely miss the ball python. The bat hits you.
The ball python barely misses you. The ball python constricts you.
You block the orc's attack. The orc hits you but does no damage.
The ball python barely misses you. The ball python constricts you.
You hit the ball python.
You kill the ball python!
The bat barely misses you. The orc hits you but does no damage.
You block the orc's attack. The orc hits you with a +0 mace.
Your Armour skill increases to level 4!
You hit the orc but do no damage. The bat barely misses you.
The orc hits you but does no damage. You block the orc's attack. x2
The bat hits you but does no damage.
You thump the orc!
You kill the orc!
You block the bat's attack. The bat hits you.
The orc priest invokes the aid of Beogh against you.
Beogh smites you! The orc hits you but does no damage. x2
The orc closely misses you. You block the orc's attack.
The orc priest calls down the wrath of Beogh upon you.
Beogh smites you!
* * * LOW HITPOINT WARNING * * *
You are too injured to fight recklessly!
You are too injured to fight recklessly!
You are too injured to fight recklessly!
You are too injured to fight recklessly!
You are too injured to fight recklessly!
You are too injured to fight recklessly!
You are too injured to fight recklessly!
You are too injured to fight recklessly!
You are too injured to fight recklessly!
You are too injured to fight recklessly!
You are too injured to fight recklessly!
You are too injured to fight recklessly!
You are too injured to fight recklessly!
You are too injured to fight recklessly!
You are too injured to fight recklessly!
You are too injured to fight recklessly!
You are too injured to fight recklessly!
The orc attacks as you move away! The orc hits you with a +0 dagger.
You die...

#...##8##
...........##........
#..........#8........
#..........##........
#...S......##...##8##
#.........##...####
#.....#..#8...8#
######)#†b....##...##
.....oo@......##...#
.##...o#......##...##
....!###......#8...8#
..#. #####.###...##
... #....)..# ..
######### .


You could see an orc priest, 2 orcs and a bat.

Vanquished Creatures
  2 adders (D:2)
  A worm (D:2)
  A dart slug (D:1)
  2 orcs (D:3)
  3 ball pythons
  2 bats (D:2)
  3 endoplasms
  5 giant cockroaches
  2 goblins (D:2)
  6 hobgoblins
  5 kobolds
  3 quokkas
  2 frilled lizards
  A rat (D:2)
38 creatures vanquished.

Notes
Turn   | Place    | Note
-------+----------+-------------------------------------------
     0 | D:1      | Dittersdorf the Gargoyle Fighter began the quest for the
                  | Orb.
     0 | D:1      | Reached XP level 1. HP: 14/14 MP: 1/1
   105 | D:1      | Reached XP level 2. HP: 16/19 MP: 2/2
   734 | D:2      | Reached XP level 3. HP: 23/23 MP: 3/3
   978 | D:2      | Found a faded altar of an unknown god.
  1298 | D:2      | Reached XP level 4. HP: 29/29 MP: 4/4
  1673 | D:3      | Reached skill level 4 in Armour
  1674 | D:3      | HP: 1/29 [orc priest/divine providence (12)]
  1675 | D:3      | Slain by an orc

Illustrated notes

Levels and vault maps discovered:
D:1:      minmay_arrival_three_doors, layout_loops_cross
D:2:      layout_loops_corners, ebering_ecumenical_altar_rust
D:3:      layout_rooms, cheibrodos_sewer_entry_bend, serial_corexii_hall,
          corexii_hall_statues_s, corexii_hall_statues_t,
          minmay_misc_feat_plants, uniq_crazy_yiuf_cottage

Skill      XL: |  1  2  3  4 |
---------------+-------------+-----
Armour         | 4 |  4.0
Fighting       | |  3.9
Maces & Flails | |  2.6
Shields        | |  3.8

Action                     |  1- 3 |  4- 6 || total
---------------------------+-------+-------++-------
  Melee: Flail             |   103 |    20 ||   123
    Use: Scroll            |       |     8 ||     8
 Armour: Scale mail        |    58 |    15 ||    73
  Dodge: Dodged            |    25 |    17 ||    42
  Block: Buckler           |    23 |    10 ||    33

Table legend: (Time is in decaauts)
 A = Elapsed time spent in this place.
 B = Non-inter-level travel time spent in this place.
 C = Inter-level travel time spent in this place.
 D = Time resting spent in this place.
 E = Time spent auto-exploring this place.
 F = Levels seen in this place.
 G = Mean time per level.
                   A        B        C        D        E       F      G
               +--------+--------+--------+--------+--------+-----+--------+
         Total |   1713 |   1618 |     95 |      0 |   1211 |   3 |  571.0 |
       Dungeon |   1713 |   1618 |     95 |      0 |   1211 |   3 |  571.0 |
               +--------+--------+--------+--------+--------+-----+--------+

Top non-repeatable levels by time:
     D:2: 828 daAuts
     D:1: 715 daAuts
     D:3: 170 daAuts
